 Dungeon Crawl Stone Soup version 0.30-a0-339-g89bb51ec76 (webtiles) character file.

Game seed: 1120388837986815904

17 bande the Covered (level 2, 0/19 HPs)
             Began as a Gargoyle Fighter on Nov 1, 2022.
             Was an Initiate of Okawaru.
             Slain by an iguana (7 damage)
             ... on level 4 of the Dungeon.
             The game lasted 00:02:32 (1425 turns).

bande the Covered (Gargoyle Fighter)                Turns: 1425, Time: 00:02:32

Health: 0/19       AC: 12    Str: 19    XL:     2   Next: 62%
Magic:  2/2        EV:  7    Int:  8    God:    Okawaru [......]
Gold:   59         SH:  4    Dex:  9    Spells: 1/1 levels left

rFire   . . .      SeeInvis +    a - +0 war axe
rCold   . . .      Faith    .    c - +0 buckler
rNeg    + . .      Spirit   .    j - +0 chain mail
rPois   ∞          Reflect  .    (no helmet)
rElec   +          Harm     .    (no cloak)
rCorr   .          Rampage  .    (no gloves)
Will    .....                    (no boots)
Stlth   ..........               (no amulet)
HPRegen 0.23/turn                f - ring of see invisible
MPRegen 0.08/turn                (no ring)

@: no status effects
A: sickness immunity, AC +2, negative energy resistance 1, electricity
resistance, torment resistance 1, petrification resistance
a: Renounce Religion


You were on level 4 of the Dungeon.
You worshipped Okawaru.
Okawaru was noncommittal.
You visited 1 branch of the dungeon, and saw 3 of its levels.

You collected 59 gold pieces.

Inventory:

Hand Weapons
 a - a +0 war axe (weapon)
Armour
 c - a +0 buckler (worn)
 j - a +0 chain mail (worn)
Jewellery
 f - a ring of see invisible (left hand)
Scrolls
 b - a scroll of magic mapping {unknown}
 g - a scroll of vulnerability {unknown}
 i - a scroll of identify {unknown}
Potions
 d - a potion of might
 e - a potion of flight {unknown}
 h - a potion of attraction {unknown}


   Skills:
 + Level 3.5 Fighting
 + Level 2.0 Axes
 + Level 3.6 Armour
 + Level 3.5 Shields


You had one spell level left.
You didn't know any spells.
Your spell library was empty.

Dungeon Overview and Level Annotations

Branches:
Dungeon (2/15)

Altars:
Gozag
Okawaru

Shops:
D:1 !:*


Innate Abilities, Weirdness & Mutations

You are immune to sickness and miasma.
Your stone body is resilient. (AC +2)
You are immune to poison.
You resist negative energy. (rN+)
You are resistant to electric shocks. (rElec)
You are resistant to unholy torment.
You are immune to petrification.


Message History

You open the door.
Found an opulent altar of Gozag and an iron altar of Okawaru.
There is an open door here.
There is an open door here.
You open the door.
There is an open door here.
b - a scroll labelled GISYFATADY No target in view!
There is an open door here.
There is an open door here.
There is an opulent altar of Gozag here.
Why would you want to do that?
Unknown command.
There is an open door here.
There is an open door here.
Found 2 stones.
You see here 2 stones.
You open the door.
There is an open door here.
There is an iron altar of Okawaru here.
You kneel at the altar of Okawaru.
Okawaru welcomes you!
There is an open door here.
You see here 2 stones.
An iguana comes into view.
The iguana hisses angrily.
An iguana is nearby!
You hit the iguana but do no damage. The iguana bites you.
You barely miss the iguana.
The iguana bites you but does no damage.
You hit the iguana.
The iguana is moderately wounded.
The iguana bites you. The iguana barely misses you.
You closely miss the iguana.
The iguana is moderately wounded.
The iguana bites you.
You barely miss the iguana.
The iguana is moderately wounded.
The iguana bites you. The iguana bites you!
You die...

##.### #....# #....#
#....# #....# #....#
#..l.# #@#
...######.#
#.......#.# ####.#.#
##### #......#
....#+##......#
######...........#
....................
######.........##.#.#


You could see an iguana.

Vanquished Creatures
  2 endoplasms
  3 giant cockroaches (D:1)
  2 hobgoblins
  A kobold (D:1)
  2 quokkas
  A bat (D:2)
  4 rats (D:1)
15 creatures vanquished.

Notes
Turn   | Place    | Note
-------+----------+-------------------------------------------
     0 | D:1      | bande the Gargoyle Fighter began the quest for the Orb.
     0 | D:1      | Reached XP level 1. HP: 14/14 MP: 1/1
    75 | D:1      | Found Sojopiv's Distillery.
   302 | D:1      | Found Igasygor's Assorted Antiques.
   312 | D:1      | Found Xolew's Book Emporium.
   351 | D:1      | Reached XP level 2. HP: 19/19 MP: 2/2
  1273 | D:2      | You fall into a shaft and drop 2 floors!
  1275 | D:4      | Found an opulent altar of Gozag.
  1275 | D:4      | Found an iron altar of Okawaru.
  1381 | D:4      | Became a worshipper of Warmaster Okawaru
  1425 | D:4      | Slain by an iguana

Illustrated notes

Levels and vault maps discovered:
D:1:      amcnicky_arrival_abandoned_market, layout_basic, serial_shops,
          nicolae_shop_advertising_works [nicolae_subvault_shop_adworks],
          nicolae_square_shop, nicolae_shop_overgrown_old_shop, minmay_domino_4
D:2:      layout_basic, basic_altar, serial_shops, shop_coins
D:4:      layout_basic, mainiacjoe_overflow_divided_tiny

Skill      XL: |  1  2 |
---------------+-------+-----
Axes           | 2 |  2.0
Fighting       | |  3.5
Armour         | |  3.6
Shields        | |  3.5

Action                   || total
-------------------------++-------
Melee: War axe           ||    67
Armor: Scale mail        ||    37
       Chain mail        ||     1
Dodge: Dodged            ||    35
Block: Buckler           ||    21

Table legend: (Time is in decaauts)
 A = Elapsed time spent in this place.
 B = Non-inter-level travel time spent in this place.
 C = Inter-level travel time spent in this place.
 D = Time resting spent in this place.
 E = Time spent auto-exploring this place.
 F = Levels seen in this place.
 G = Mean time per level.
                   A        B        C        D        E       F      G
               +--------+--------+--------+--------+--------+-----+--------+
         Total |   1452 |   1435 |     17 |    147 |   1030 |   3 |  484.0 |
       Dungeon |   1452 |   1435 |     17 |    147 |   1030 |   3 |  484.0 |
               +--------+--------+--------+--------+--------+-----+--------+

Top non-repeatable levels by time:
     D:1: 986 daAuts
     D:2: 312 daAuts
     D:4: 153 daAuts
